 Dungeon Sprint DCSS version 0.24-a0-525-g9231cdc (webtiles) character file.

Game seed: 1290545535685330454

1276 silentkaos13 the Nimble (level 8, -1/106 HPs)
             Began as a Gnoll Monk on July 31, 2019.
             Was a Priest of Okawaru.
             Slain by Sonja
             ... wielding a +0 short sword of distortion
              (8 damage)
             ... in the Dungeon (Sprint I: "Red Sonja").
             The game lasted 00:03:21 (1026 turns).

silentkaos13 the Nimble (Gnoll Monk)                Turns: 1026, Time: 00:03:22

Health: -1/106     AC:  6    Str: 21    XL:     8   Next: 54%
Magic:  17/17      EV: 18    Int: 13    God:    Okawaru [***...]
Gold:   405        SH:  0    Dex: 17    Spells: 20/20 levels left

rFire    . . .     SeeInvis .   m - +3 scythe (flame)
rCold    . . .     Gourm    .   (shield currently unavailable)
rNeg     . . .     Faith    .   l - +3 leather armour {rPois}
rPois    +         Spirit   .   (no helmet)
rElec    .         Reflect  .   (no cloak)
rCorr    .         Harm     .   (no gloves)
MR       .....     NoTele   +   (no boots)
Stlth    ..........             (no amulet)
HPRegen  0.27/turn              (no ring)
MPRegen  0.15/turn              (no ring)

@: berserking (expiring), slowed
A: distributed training, fangs 1, strong nose
a: Heroism, Renounce Religion


You were in the Dungeon.
You worshipped Okawaru.
Okawaru was most pleased with you.
You were hungry.

You visited 1 branch You collected 405 gold pieces.

Inventory:

Hand Weapons
 a - a +0 falchion
 m - a +3 scythe of flaming (weapon)
Armour
 b - a +0 robe
 l - a +3 leather armour of poison resistance (worn)
Wands
 j - a wand of random effects (26)
Scrolls
 i - a scroll of blinking
Potions
 d - a potion of curing
 f - a potion of haste
 g - 2 potions of magic
 k - a potion of mutation {unknown}
Comestibles
 c - a ration


   Skills:
 + Level 9.3 Fighting
 + Level 6.5 Short Blades
 + Level 9.3 Long Blades
 + Level 6.5 Axes
 + Level 6.5 Maces & Flails
 + Level 6.5 Polearms
 + Level 6.5 Staves
 + Level 6.5 Slings
 + Level 6.5 Bows
 + Level 6.5 Crossbows
 + Level 6.5 Throwing
 + Level 6.5 Armour
 + Level 9.3 Dodging
 + Level 7.8 Stealth
 + Level 6.5 Shields
 + Level 6.5 Unarmed Combat
 + Level 6.5 Spellcasting
 + Level 5.4 Conjurations
 + Level 5.4 Hexes
 + Level 5.4 Charms
 + Level 5.4 Summonings
 + Level 5.4 Necromancy
 + Level 5.4 Translocations
 + Level 5.4 Transmutations
 + Level 5.4 Fire Magic
 + Level 5.4 Ice Magic
 + Level 5.4 Air Magic
 + Level 5.4 Earth Magic
 + Level 5.4 Poison Magic
 + Level 7.1 Invocations
 + Level 6.5 Evocations


You had 20 spell levels left.
You didn't know any spells.
Your spell library was empty.

Dungeon Overview and Level Annotations

Branches:
Dungeon (1/1)

Altars:
Cheibriados
Dithmenos
Elyvilon
Fedhas
Gozag
Hepliaklqana
Kikubaaqudgha
Makhleb
Nemelex Xobeh
Okawaru
Qazlal
Ru
Sif Muna
Trog
Uskayaw
Vehumet
Wu Jian
Xom
Yredelemnul
Zin
The Shining One
Jiyva
Lugonu

Shops:
D (

Annotations:
D Sonja


Innate Abilities, Weirdness & Mutations

Your experience applies equally to all skills.
You have very sharp teeth.
Your uncanny sense of smell can sniff out nearby items.


Message History

You barely miss Sonja. Your bite misses Sonja.
Sonja gestures wildly while chanting.
Sonja blinks!
Sonja zaps a wand.
The puff of flame hits you.
* * * LOW HITPOINT WARNING * * *
Unknown command.
Sonja throws a curare-tipped dart.
The curare-tipped dart hits you.
You have difficulty breathing.
* * * LOW HITPOINT WARNING * * *
You feel yourself slow down.
There is an open door here.
You feel a strong urge to attack something.
You completely miss Sonja. Your bite misses Sonja.
Sonja mumbles some strange words.
Sonja blinks!
Sonja zaps a wand.
The puff of flame misses you.
Sonja gestures wildly while chanting.
Sonja blinks!
Sonja hits you with a +0 short sword of distortion.
* * * LOW HITPOINT WARNING * * *
Space warps horribly around you!
You die...

##########################
#<.#.)'..#.['..#__#..')..#∆∆
#..'..#.)'..#..'^.'..#)..# ∆
#..#####'#####'#__####...+ ∆
#..####..#...#(####∆∆##### ∆
#..#__####..##[# ∆∆
#..#_____##'#_.+
#⌠⌠#_.∩...'.(@_# ∆∆
####_..__##_K#'#
∆∆#_____###'#[#∆∆∆∆ ∆
####### #.### ∆ +$.$+∆∆ ∆∆ ∆
#$.$# ##§## ∆#+#∆ ∆∆∆∆∆


You could see Sonja.

Vanquished Creatures
  2 kobold demonologists (D)
  A slime creature (D)
  Sigmund (D)
  A yak (D)
  A floating eye (D)
  An ogre (D)
  A jelly (D)
  Ijyb (D)
9 creatures vanquished.

Vanquished Creatures (others)
  A gargoyle (D)
1 creature vanquished.

Grand Total: 10 creatures vanquished

Notes
Turn   | Place    | Note
-------+----------+-------------------------------------------
     0 | D        | silentkaos13 the Gnoll Monk began the quest for the Orb.
     0 | D        | Reached XP level 1. HP: 23/23 MP: 1/1
     1 | D        | Noticed Ijyb
    29 | D        | Killed Ijyb
    29 | D        | Reached skill level 1 in Short Blades
    29 | D        | Reached skill level 1 in Axes
    29 | D        | Reached skill level 1 in Maces & Flails
    29 | D        | Reached skill level 1 in Polearms
    29 | D        | Reached skill level 1 in Staves
    29 | D        | Reached skill level 1 in Slings
    29 | D        | Reached skill level 1 in Bows
    29 | D        | Reached skill level 1 in Crossbows
    29 | D        | Reached skill level 1 in Throwing
    29 | D        | Reached skill level 1 in Armour
    29 | D        | Reached skill level 1 in Shields
    29 | D        | Reached skill level 1 in Unarmed Combat
    29 | D        | Reached skill level 1 in Spellcasting
    29 | D        | Reached skill level 1 in Conjurations
    29 | D        | Reached skill level 1 in Hexes
    29 | D        | Reached skill level 1 in Charms
    29 | D        | Reached skill level 1 in Summonings
    29 | D        | Reached skill level 1 in Necromancy
    29 | D        | Reached skill level 1 in Translocations
    29 | D        | Reached skill level 1 in Transmutations
    29 | D        | Reached skill level 1 in Fire Magic
    29 | D        | Reached skill level 1 in Ice Magic
    29 | D        | Reached skill level 1 in Air Magic
    29 | D        | Reached skill level 1 in Earth Magic
    29 | D        | Reached skill level 1 in Poison Magic
    29 | D        | Reached skill level 1 in Evocations
    29 | D        | Reached XP level 2. HP: 18/29 MP: 1/4
    29 | D        | Reached XP level 3. HP: 22/35 MP: 1/5
   140 | D        | Noticed an ogre
   147 | D        | Killed a gargoyle
   149 | D        | Killed an ogre
   149 | D        | Reached skill level 5 in Stealth
   149 | D        | Reached XP level 4. HP: 43/43 MP: 5/8
   176 | D        | Noticed Sigmund
   190 | D        | Killed Sigmund
   190 | D        | Reached XP level 5. HP: 13/49 MP: 8/11
   190 | D        | Reached XP level 6. HP: 15/56 MP: 8/12
   429 | D        | Found an ornate altar of the Wu Jian Council.
   429 | D        | Found a deep blue altar of Sif Muna.
   431 | D        | Found a radiant altar of Vehumet.
   455 | D        | Found Gevetugg's Weapon Emporium.
   455 | D        | Found an ancient bone altar of Kikubaaqudgha.
   455 | D        | Found a hazy altar of Hepliaklqana.
   455 | D        | Found a stormy altar of Qazlal.
   455 | D        | Found a hide-covered altar of Uskayaw.
   455 | D        | Found a blossoming altar of Fedhas.
   455 | D        | Found a bloodstained altar of Trog.
   455 | D        | Found an iron altar of Okawaru.
   455 | D        | Found a basalt altar of Yredelemnul.
   455 | D        | Found a glowing golden altar of the Shining One.
   455 | D        | Found a snail-covered altar of Cheibriados.
   455 | D        | Found a sacrificial altar of Ru.
   455 | D        | Found a glowing silver altar of Zin.
   455 | D        | Found a shadowy altar of Dithmenos.
   455 | D        | Found a white marble altar of Elyvilon.
   455 | D        | Noticed a yak
   464 | D        | Killed a yak
   464 | D        | Reached skill level 5 in Short Blades
   464 | D        | Reached skill level 5 in Axes
   464 | D        | Reached skill level 5 in Maces & Flails
   464 | D        | Reached skill level 5 in Polearms
   464 | D        | Reached skill level 5 in Staves
   464 | D        | Reached skill level 5 in Slings
   464 | D        | Reached skill level 5 in Bows
   464 | D        | Reached skill level 5 in Crossbows
   464 | D        | Reached skill level 5 in Throwing
   464 | D        | Reached skill level 5 in Armour
   464 | D        | Reached skill level 5 in Shields
   464 | D        | Reached skill level 5 in Unarmed Combat
   464 | D        | Reached skill level 5 in Spellcasting
   464 | D        | Reached skill level 5 in Invocations
   464 | D        | Reached skill level 5 in Evocations
   464 | D        | Reached XP level 7. HP: 33/63 MP: 12/14
   465 | D        | Found an opulent altar of Gozag.
   611 | D        | Found a sparkling altar of Nemelex Xobeh.
   639 | D        | Found a burning altar of Makhleb.
   639 | D        | Found a viscous altar of Jiyva.
   639 | D        | Found a shimmering altar of Xom.
   639 | D        | Found a corrupted altar of Lugonu.
   639 | D        | Noticed a slime creature
   651 | D        | Killed a slime creature
   889 | D        | Became a worshipper of Warmaster Okawaru
   889 | D        | Reached * piety under Okawaru
   889 | D        | Reached ** piety under Okawaru
   918 | D        | Noticed a kobold demonologist
   919 | D        | Noticed a kobold demonologist
   923 | D        | Noticed a ynoxinul
   925 | D        | Killed a kobold demonologist
   925 | D        | Reached skill level 5 in Conjurations
   925 | D        | Reached skill level 5 in Hexes
   925 | D        | Reached skill level 5 in Charms
   925 | D        | Reached skill level 5 in Summonings
   925 | D        | Reached skill level 5 in Necromancy
   925 | D        | Reached skill level 5 in Translocations
   925 | D        | Reached skill level 5 in Transmutations
   925 | D        | Reached skill level 5 in Fire Magic
   925 | D        | Reached skill level 5 in Ice Magic
   925 | D        | Reached skill level 5 in Air Magic
   925 | D        | Reached skill level 5 in Earth Magic
   925 | D        | Reached skill level 5 in Poison Magic
   925 | D        | Reached XP level 8. HP: 71/71 MP: 14/17
   926 | D        | Noticed a soul eater
   930 | D        | Killed a kobold demonologist
   930 | D        | Reached *** piety under Okawaru
  1014 | D        | Noticed Sonja
  1026 | D        | Slain by Sonja

Levels and vault maps discovered:
D:        dungeon_sprint_1 [red_sonja_temple_1, red_sonja_temple_small_1]

Skill      XL: |  1  2  3  4  5  6  7  8 |
---------------+-------------------------+-----
Short Blades   | 1 3 4 5 6 |  6.5
Axes           | 1 3 4 5 6 |  6.5
Maces & Flails | 1 3 4 5 6 |  6.5
Polearms       | 1 3 4 5 6 |  6.5
Staves         | 1 3 4 5 6 |  6.5
Slings         | 1 3 4 5 6 |  6.5
Bows           | 1 3 4 5 6 |  6.5
Crossbows      | 1 3 4 5 6 |  6.5
Throwing       | 1 3 4 5 6 |  6.5
Armour         | 1 3 4 5 6 |  6.5
Shields        | 1 3 4 5 6 |  6.5
Unarmed Combat | 1 3 4 5 6 |  6.5
Spellcasting   | 1 3 4 5 6 |  6.5
Conjurations   | 1 2 3 4 5 |  5.4
Hexes          | 1 2 3 4 5 |  5.4
Charms         | 1 2 3 4 5 |  5.4
Summonings     | 1 2 3 4 5 |  5.4
Necromancy     | 1 2 3 4 5 |  5.4
Translocations | 1 2 3 4 5 |  5.4
Transmutations | 1 2 3 4 5 |  5.4
Fire Magic     | 1 2 3 4 5 |  5.4
Ice Magic      | 1 2 3 4 5 |  5.4
Air Magic      | 1 2 3 4 5 |  5.4
Earth Magic    | 1 2 3 4 5 |  5.4
Poison Magic   | 1 2 3 4 5 |  5.4
Invocations    | 2 3 4 5 6 7 |  7.1
Evocations     | 1 3 4 5 6 |  6.5
Fighting       | 7 8 9 |  9.3
Long Blades    | 7 8 9 |  9.3
Dodging        | 7 8 9 |  9.3
Stealth        | 5 6 7 |  7.8

Action                   |  1- 3 |  4- 6 |  7- 9 || total
-------------------------+-------+-------+-------++-------
Melee: Falchion          |    33 |    12 |       ||    45
       Bite              |     4 |     4 |     3 ||    11
       Scythe            |       |    11 |    26 ||    37
Invok: Heroism           |       |       |     1 ||     1
  Use: Potion            |       |       |     2 ||     2
 Stab: Sleeping          |     1 |     2 |       ||     3
Armor: Robe              |     2 |       |       ||     2
       Leather armour    |       |     2 |     9 ||    11
Dodge: Dodged            |    20 |    13 |    37 ||    70
       Rpst.: Falchion   |     9 |     2 |       ||    11

Table legend:
 A = Non-vault XP
 B = Vault XP
 C = Vault XP percentage of total XP
 D = Non-vault monster count
 E = Vault monster count
 F = Vault count percentage of total count
                 A         B        C        D         E       F
            +---------+---------+-------+---------+---------+-------
      Total |       0 |    1823 | 100.0 |       0 |       9 | 100.0
            +---------+---------+-------+---------+---------+-------
          D |       0 |    1823 | 100.0 |       0 |       9 | 100.0
            +---------+---------+-------+---------+---------+-------
